 Dungeon Crawl Stone Soup version 0.23-a0-629-gae4348f (webtiles) character file.

114 Mgcat the Skirmisher (level 4, -1/41 HPs)
             Began as a Hill Orc Fighter on Dec 26, 2018.
             Was an Initiate of Ashenzari.
             Slain by Crazy Yiuf
             ... wielding a +4 quarterstaff of chaos
              (10 damage)
             ... on level 2 of the Dungeon.
             The game lasted 00:04:33 (1656 turns).

Mgcat the Skirmisher (Hill Orc Fighter)             Turns: 1656, Time: 00:04:34

Health: -1/41      AC:  8    Str: 24    XL:     4   Next: 97%
Magic:  4/4        EV:  7    Int:  8    God:    Ashenzari [......]
Gold:   94         SH: 10    Dex: 10    Spells: 3/3 levels left

rFire    . . .     SeeInvis .   a - +0 war axe
rCold    . . .     Gourm    .   c - +0 shield
rNeg     . . .     Faith    .   b - +0 scale mail
rPois    .         Spirit   .   (no helmet)
rElec    .         Reflect  .   (no cloak)
rCorr    .         Harm     .   h - +0 pair of gloves
MR       .....                  (no boots)
Stlth    ..........             (no amulet)
HPRegen  0.13/turn              (no ring)
MPRegen  0.09/turn              (no ring)

@: mighty
A: no striking features
a: Curse Item, Renounce Religion


You were on level 2 of the Dungeon.
You worshipped Ashenzari.
Ashenzari was noncommittal.
You were hungry.

You visited 1 branch of the dungeon, and saw 2 of its levels.

You collected 94 gold pieces.

Inventory:

Hand Weapons
 a - a +0 war axe (weapon)
Armour
 b - a +0 scale mail (worn)
 c - a +0 shield (worn)
 h - a +0 pair of gloves (worn)
   (You found it on level 1 of the Dungeon)
Scrolls
 e - 2 scrolls of immolation {unknown}
 i - 3 scrolls of identify {unknown}
 j - a scroll of enchant weapon {unknown}
 k - a scroll of teleportation {unknown}
Potions
 l - 2 potions of heal wounds {unknown}
 m - a potion of cancellation {unknown}
Comestibles
 f - a ration


   Skills:
 + Level 4.5 Fighting
 + Level 4.0 Axes
 + Level 4.1 Armour
 + Level 4.1 Shields


You had 3 spell levels left.
You didn't know any spells.
Your spell library was empty.

Dungeon Overview and Level Annotations

Branches:
Dungeon (2/15)

Altars:
Ashenzari
Dithmenos
Fedhas
Wu Jian

Annotations:
D:2 Crazy Yiuf


Message History

The kobold hits you with a +3 dagger of flaming.
The kobold burns you.
You hit the kobold.
You kill the kobold!
You hit the leopard gecko.
The leopard gecko is severely wounded.
You block the leopard gecko's attack.
The leopard gecko bites you but does no damage.
You closely miss the leopard gecko.
The leopard gecko is severely wounded.
You block the leopard gecko's attack.
The leopard gecko bites you but does no damage.
You hit the leopard gecko.
You kill the leopard gecko!
Your Axes skill increases to level 4!
No target in view!
No target in view!
No target in view!
Things that are here:
a +3 dagger of flaming; a kobold corpse Some of the chunks of flesh in your inventory have rotted away.
A kobold comes into view. It is wielding a +0 dagger.
The kobold shouts!
You block the kobold's attack.
You hit the kobold.
The kobold is severely wounded.
The kobold barely misses you. You block the kobold's attack.
You closely miss the kobold.
The kobold is severely wounded.
You block the kobold's attack.
You hit the kobold but do no damage.
The kobold is severely wounded.
The kobold hits you with a +0 dagger.
You slash the kobold!
You kill the kobold!
No target in view!
No target in view!
You see here a +0 dagger.
You see here a +0 dagger.
Key pressed, stopping explore.
Key pressed, stopping explore.
You now have 94 gold pieces (gained 7).
All of the chunks of flesh in your inventory have rotted away.
You are feeling hungry.
Partly explored, unopened runed door.
Partly explored, unopened runed door.
Partly explored, unopened runed door.
Partly explored, unopened runed door.
You aren't carrying any items that you can evoke.
Unknown command.
(D) Dungeon
Where to? (? - help)
What level of the Dungeon? (default 1, ? - help)
Okay, then.
Unknown command.
You open the door.
Marking area around Crazy Yiuf as unsafe for travelling.
Crazy Yiuf the Enlightened comes into view.
He is wielding a +4 quarterstaff of Crazy Yiuf shouts!
Unknown command.
Unknown command.
Okay, then.
Okay, then.
Okay, then.
There is an open door here.
Unknown command.
You hit Crazy Yiuf but do no damage. Crazy Yiuf barely misses you.
You closely miss Crazy Yiuf.
Crazy Yiuf sings, "Trees, trees, trees, circus!"
Crazy Yiuf hits you but does no damage. You block Crazy Yiuf's attack.
Your shield prevents you from hitting Crazy Yiuf.
You block Crazy Yiuf's attack.
You closely miss Crazy Yiuf.
Crazy Yiuf hits you with a +4 quarterstaff of chaos!
You hit Crazy Yiuf.
Crazy Yiuf is lightly wounded.
Crazy Yiuf waves his quarterstaff at you.
Crazy Yiuf hits you with a +4 quarterstaff of chaos.
Crazy Yiuf draws strength from your wounds!
You feel very mighty all of a sudden. Crazy Yiuf hits you but does no damage.
You closely miss Crazy Yiuf. You block Crazy Yiuf's attack.
Unknown command.
You slash Crazy Yiuf!
Crazy Yiuf is heavily wounded.
Crazy Yiuf hits you with a +4 quarterstaff of chaos!
Crazy Yiuf burns you.
Crazy Yiuf grits, "Gnoll seventy stair!"
Crazy Yiuf hits you with a +4 quarterstaff of chaos!
* * * LOW HITPOINT WARNING * * *
You barely miss Crazy Yiuf.
Crazy Yiuf is heavily wounded.
You block Crazy Yiuf's attack.
You completely miss Crazy Yiuf.
Crazy Yiuf is heavily wounded.
You block Crazy Yiuf's attack.
You slash Crazy Yiuf!
Crazy Yiuf is almost dead.
Crazy Yiuf hits you with a +4 quarterstaff of chaos!
You die...

#..#.#
#.......##..#####.#
# ##.#.#
#.#####.##..# #.#
#.#.# #.# #.##..#
#.# #.#.# ###
####### #.# #.#.#
######.# #.#.#
#....#.# #
#.#.###♣♣ ####
####.#.# #
#.#...+.♣♣ ♣♣#..)#
#.#.# #
#.#......♣♣♣♣.@g..#
#.#.# #
#.##......♣..♣#...#
#.#.# #
#.###.+..♣.♣♣♣ ####
####.#.# #
#.#####♣♣♣♣♣
#......# # #....#
####.### # ######
### ### #)# # #.#
#.# #.# # #.# #.#
#.###### #.# #.#
###.......


You could see Crazy Yiuf.

Vanquished Creatures
  Jessica (D:2)
  4 adders (D:2)
  3 dart slugs (D:1)
  3 leopard geckos
  6 goblins
  4 hobgoblins (D:1)
  2 jackals (D:1)
  5 bats
  5 frilled lizards
  8 kobolds
  4 rats
45 creatures vanquished.

Notes
Turn   | Place    | Note
-------+----------+-------------------------------------------
     0 | D:1      | Mgcat the Hill Orc Fighter began the quest for the Orb.
     0 | D:1      | Reached XP level 1. HP: 19/19 MP: 1/1
    90 | D:1      | Reached XP level 2. HP: 27/27 MP: 2/2
    92 | D:1      | Reached skill level 3 in Axes
   241 | D:1      | Reached skill level 4 in Fighting
   241 | D:1      | Reached XP level 3. HP: 22/33 MP: 3/3
   728 | D:2      | Found a runed door.
   889 | D:2      | Reached XP level 4. HP: 23/40 MP: 4/4
  1017 | D:2      | Found an ornate altar of the Wu Jian Council.
  1017 | D:2      | Found a shattered altar of Ashenzari.
  1023 | D:2      | Found a blossoming altar of Fedhas.
  1049 | D:2      | Found a shadowy altar of Dithmenos.
  1083 | D:2      | Became a worshipper of Ashenzari the Shackled
  1094 | D:2      | Reached skill level 4 in Armour
  1094 | D:2      | Reached skill level 4 in Shields
  1097 | D:2      | Noticed Jessica
  1118 | D:2      | Killed Jessica
  1352 | D:2      | Reached skill level 4 in Axes
  1644 | D:2      | Noticed Crazy Yiuf
  1653 | D:2      | HP: 8/41 [Crazy Yiuf/+4 quarterstaff of chaos (10)]
  1656 | D:2      | Slain by Crazy Yiuf

Vault maps used:
D:1:      dpeg_arrival_rooms_with_view, minmay_distorted
D:2:      grunt_temple_overflow_cloverleaf, uniq_crazy_yiuf_cottage,
          uniq_jessica

Skill      XL: |  1  2  3  4 |
---------------+-------------+-----
Axes           | 3 4 |  4.0
Fighting       | 4 |  4.5
Armour         | 4 |  4.1
Shields        | 4 |  4.1

Action                   |  1- 3 |  4- 6 || total
-------------------------+-------+-------++-------
Melee: War axe           |   101 |    71 ||   172
  Use: Potion            |       |     1 ||     1
  Eat: Chunk             |       |     2 ||     2
Armor: Scale mail        |    48 |    33 ||    81
Dodge: Dodged            |    36 |    19 ||    55
Block: Shield            |    50 |    40 ||    90

Table legend:
 A = Non-vault XP
 B = Vault XP
 C = Vault XP percentage of total XP
 D = Non-vault monster count
 E = Vault monster count
 F = Vault count percentage of total count
                 A         B        C        D         E       F
            +---------+---------+-------+---------+---------+-------
      Total |     117 |      46 |  28.2 |      39 |       6 |  13.3
            +---------+---------+-------+---------+---------+-------
        D:1 |      45 |       9 |  16.7 |      23 |       5 |  17.9
        D:2 |      72 |      37 |  33.9 |      16 |       1 |   5.9
            +---------+---------+-------+---------+---------+-------

Vault maps used:
D:1:      dpeg_arrival_rooms_with_view, minmay_distorted
D:2:      grunt_temple_overflow_cloverleaf, uniq_crazy_yiuf_cottage,
          uniq_jessica

Table legend:
 A = Turns spent in this place as a percentage of turns spent in the entire game.
 B = Non-inter-level travel turns spent in this place as a percentage of non-inter-level travel turns spent in the entire game.
 C = Inter-level travel turns spent in this place as a percentage of turns spent in this place.
 D = Turns resting spent in this place as a percentage of non-inter-level travel turns spent in this place.
 E = Turns spent auto-exploring this place as a percentage of non-inter-level travel turns spent in this place.
 F = Non-inter-level travel turns spent in this place divided by the number of levels of this place that you've seen.
                   A       B       C       D       E      F
               +-------+-------+-------+-------+-------+----------------------
         Total | 100.0 | 100.0 |   2.4 |   6.2 |  73.5 | 808.0
       Dungeon | 100.0 | 100.0 |   2.4 |   6.2 |  73.5 | 808.0
               +-------+-------+-------+-------+-------+----------------------

Table legend:
 A = Kills in this place as a percentage of kills in entire the game.
 B = Kills by you in this place as a percentage of kills by you in the entire game.
 C = Kills by friends in this place as a percentage of kills by friends in the entire game.
 D = Other kills in this place as a percentage of other kills in the entire game.
 E = Experience gained in this place as a percentage of experience gained in the entire game.
 F = Experience gained in this place divided by the number of levels of this place that you have seen.
                   A       B       C       D       E      F
               +-------+-------+-------+-------+-------+----------------------
         Total | 100.0 | 100.0 |   N/A |   N/A | 100.0 |  81.5
       Dungeon | 100.0 | 100.0 |   N/A |   N/A | 100.0 |  81.5
               +-------+-------+-------+-------+-------+----------------------
